 Dungeon Crawl Stone Soup version 0.26-a0-778-g3fe0686644 (webtiles) character file.

Game seed: 7025767363266061095

492 strifetoe the Cleaver (level 7, -1/59 HPs)
             Began as a Hill Orc Monk on Nov 11, 2020.
             Slain by an orc wizard
             ... wielding a +0 dagger
              (5 damage)
             ... on level 5 of the Dungeon.
             The game lasted 00:03:13 (3287 turns).

strifetoe the Cleaver (Hill Orc Monk)               Turns: 3287, Time: 00:03:14

Health: -1/59      AC:  5    Str: 20    XL:     7   Next: 14%
Magic:  7/7        EV: 11    Int: 14    God:
Gold:   107        SH:  0    Dex: 13    Spells: 6/6 levels left

rFire    . . .     SeeInvis .   e - +0 war axe
rCold    . . .     Faith    .   (no shield)
rNeg     + . .     Spirit   .   c - +0 ring mail {MR+}
rPois    .         Reflect  .   (no helmet)
rElec    +         Harm     .   (no cloak)
rCorr    .         Rampage  .   (no gloves)
MR       +....                  (no boots)
Stlth    +.........             (no amulet)
HPRegen  0.19/turn              d - ring "Plog" {+Inv rElec rN+ Str+4 Int+4}
MPRegen  0.10/turn              j - ring of wizardry

@: no status effects
A: no striking features
a: Evoke Invisibility


You were on level 5 of the Dungeon.
You visited 1 branch of the dungeon, and saw 5 of its levels.

You collected 107 gold pieces.

Inventory:

Hand Weapons
 a - a +0 hand axe
 e - a +0 war axe (weapon)
Armour
 b - a +0 robe
 c - a +0 ring mail of magic resistance (worn)
Jewellery
 d - the ring "Plog" (left hand) {+Inv rElec rN+ Str+4 Int+4}
   (You found it on level 4 of the Dungeon)

   [ring of positive energy]

   It affects your strength (+4).
   It affects your intelligence (+4).
   It insulates you from electricity.
   It protects you from negative energy.
   It lets you turn invisible.
 j - a ring of wizardry (right hand)
Scrolls
 h - a scroll of enchant armour {unknown}
 i - a scroll of immolation {unknown}
 k - a scroll of identify {unknown}
Potions
 f - a potion of invisibility {unknown}
 g - a potion of resistance {unknown}


   Skills:
 + Level 4.1 Fighting
 - Level 10.1 Axes
 - Level 2.4 Dodging
 - Level 1.5 Stealth


You had 6 spell levels left.
You didn't know any spells.
Your spell library contained the following spells:

 Spells                   Type           Power        Failure   Level
 Shock                    Conj/Air       #...         21%         1
 Swiftness                Air            #.......     28%         2
 Static Discharge         Conj/Air       #.......     50%         3
 Airstrike                Air            #.........   86%         4
 Lightning Bolt           Conj/Air       #.........   99%         5


Dungeon Overview and Level Annotations

Branches:
Dungeon (5/15)             Temple (0/1) D:5

Altars:
Fedhas
Makhleb
Uskayaw


Message History

Something hits you.
* * * LOW HITPOINT WARNING * * *
You hit something but do no damage.
You hear some strange, mumbled words.
A magic dart appears from out of thin air!
The magic dart hits you!
* * * LOW HITPOINT WARNING * * *
Unknown command.
You closely miss something. Something hits you but does no damage.
Something hits you.
* * * LOW HITPOINT WARNING * * *
You closely miss something. Something hits you but does no damage.
You barely miss something. Something hits you but does no damage.
Something hits you.
* * * LOW HITPOINT WARNING * * *
You completely miss something. Something barely misses you.
Unknown command.
You barely miss something. Something hits you but does no damage.
Something hits you.
You die...

.. ####.....####### #.
#...........#
#####.########........#
#..........# #........##
#..!.......###..........
#.....................##
#..........###..........
###..#.######..........
#. #@)...............
......){................
........................
.......)...........)>..#
........................
........(...............
.......#.###.........#..
####### .. ..#.......)#.
.........#..#


There were no monsters in sight!

Vanquished Creatures
  2 phantoms (D:4)
  A hound (D:4)
  A centaur skeleton (D:4)
  A bullfrog skeleton (D:4)
  3 orc wizards (D:4)
  2 worker ants (D:5)
  3 adders (D:3)
  A shadow imp (D:5)
  A white imp (D:4)
  An adder skeleton (D:4)
  2 dart slugs
  2 leopard geckos
  11 orcs
  A bat (D:3)
  A giant cockroach (D:1)
  3 hobgoblins (D:1)
  7 jackals
  2 ball pythons
  2 frilled lizards
  A giant cockroach zombie (D:5)
  5 goblins
  3 kobolds
  2 rats
58 creatures vanquished.

Notes
Turn   | Place    | Note
-------+----------+-------------------------------------------
     0 | D:1      | strifetoe the Hill Orc Monk began the quest for the Orb.
     0 | D:1      | Reached XP level 1. HP: 19/19 MP: 1/1
   255 | D:1      | Reached XP level 2. HP: 23/26 MP: 2/2
   527 | D:1      | Reached skill level 5 in Axes
   872 | D:3      | Reached XP level 3. HP: 15/31 MP: 3/3
   911 | D:3      | HP: 1/31 [poisoned by an adder]
  1015 | D:3      | Reached skill level 6 in Axes
  1058 | D:3      | Reached XP level 4. HP: 9/39 MP: 4/4
  1301 | D:4      | Got a steaming tin ring
  1423 | D:4      | Reached skill level 7 in Axes
  1541 | D:4      | Reached XP level 5. HP: 33/45 MP: 5/5
  1676 | D:4      | Noticed a phantom
  1744 | D:4      | Killed a phantom
  1744 | D:4      | Reached skill level 8 in Axes
  1903 | D:4      | Reached XP level 6. HP: 33/51 MP: 6/6
  1912 | D:4      | Reached skill level 9 in Axes
  2316 | D:4      | Noticed a phantom
  2396 | D:4      | Killed a phantom
  2631 | D:5      | Entered Level 5 of the Dungeon
  2676 | D:5      | Reached skill level 10 in Axes
  2676 | D:5      | Reached XP level 7. HP: 22/57 MP: 7/7
  2956 | D:5      | Identified the ring "Plog" {+Inv rElec rN+ Str+4 Int+4}
                  | (You found it on level 4 of the Dungeon)
  3113 | D:5      | Found a burning altar of Makhleb.
  3151 | D:5      | Found a hide-covered altar of Uskayaw.
  3154 | D:5      | Found a blossoming altar of Fedhas.
  3178 | D:5      | Found a staircase to the Ecumenical Temple.
  3287 | D:5      | Slain by an orc wizard

Illustrated notes

Levels and vault maps discovered:
D:1:      psy_arrival_basics, layout_loops_corners, minmay_misc_feat_roman
D:2:      layout_basic
D:3:      cheibrodos_thug_alley, layout_basic, chequers_ecumenical_altar_simple
D:4:      layout_basic
D:5:      layout_rooms, grunt_temple_overflow_open, temple_green

Skill      XL: |  1  2  3  4  5  6  7 |
---------------+----------------------+-----
Axes           | 5 6 7 8 10 | 10.1
Fighting       | 4 |  4.1
Dodging        | |  2.4
Stealth        | |  1.5

Action                   |  1- 3 |  4- 6 |  7- 9 || total
-------------------------+-------+-------+-------++-------
Melee: Hand axe          |    92 |    31 |       ||   123
       War axe           |       |   111 |    27 ||   138
  Use: Potion            |     3 |       |       ||     3
Armor: Ring mail         |    41 |    35 |    12 ||    88
       Robe              |     1 |       |       ||     1
Dodge: Dodged            |    37 |    56 |     5 ||    98

Table legend: (Time is in decaauts)
 A = Elapsed time spent in this place.
 B = Non-inter-level travel time spent in this place.
 C = Inter-level travel time spent in this place.
 D = Time resting spent in this place.
 E = Time spent auto-exploring this place.
 F = Levels seen in this place.
 G = Mean time per level.
                   A        B        C        D        E       F      G
               +--------+--------+--------+--------+--------+-----+--------+
         Total |   3296 |   3282 |     14 |   1668 |   1061 |   5 |  659.2 |
       Dungeon |   3296 |   3282 |     14 |   1668 |   1061 |   5 |  659.2 |
               +--------+--------+--------+--------+--------+-----+--------+

Top non-repeatable levels by time:
     D:4: 1446 daAuts
     D:1: 776 daAuts
     D:5: 654 daAuts
     D:3: 364 daAuts
     D:2: 55 daAuts
